 Dungeon Crawl Stone Soup version 0.22-a0-612-gd2f0174 (webtiles) character file.

194 sking99 the Ruffian (level 5, 0/53 HPs)
             Began as a Troll Monk on July 11, 2018.
             Slain by a goblin (1 damage)
             ... led by Robin
             ... on level 3 of the Dungeon.
             The game lasted 00:03:57 (1451 turns).

sking99 the Ruffian (Troll Monk)                    Turns: 1451, Time: 00:03:58

Health: 0/53       AC:  8    Str: 19    XL:     5   Next: 44%
Magic:  4/4        EV:  6    Int:  7    God:
Gold:   127        SH: 12    Dex: 12    Spells: 3/4 levels left

rFire    . . .     SeeInvis .     - Unarmed
rCold    . . .     Gourm    +   q - +0 large shield
rNeg     . . .     Faith    .   a - +0 robe
rPois    .         Spirit   .   (helmet restricted)
rElec    .         Reflect  .   j - +2 cloak
rCorr    .         Harm     .   (gloves unavailable)
MR       .....                  (boots unavailable)
Stlth    ++........             (no amulet)
HPRegen  0.57/turn              (no ring)
MPRegen  0.09/turn              (no ring)

@: no status effects
A: large, unfitting armour, claws 3, fast metabolism 3, gourmand, regeneration
1, shaggy fur 1, tough skin 2
a: no special abilities


You were on level 3 of the Dungeon.
You were completely stuffed.

You visited 1 branch of the dungeon, and saw 3 of its levels.

You collected 127 gold pieces.

Inventory:

Missiles
 r - a throwing net (quivered)
Armour
 a - a +0 robe (worn)
 j - a +2 cloak (worn)
 q - a +0 large shield (worn)
Jewellery
 k - an uncursed ring of flight {unknown}
 p - an uncursed amulet of faith {unknown}
 t - an uncursed ring of see invisible {unknown}
Scrolls
 c - a scroll of amnesia
 d - 3 scrolls of magic mapping
 e - a scroll of blinking {unknown}
 f - a scroll of fear {unknown}
 g - a scroll of fog {unknown}
 m - 3 scrolls of teleportation {unknown}
 n - a scroll of identify {unknown}
Potions
 i - 3 potions of agility {unknown}
 l - 2 potions of cancellation {unknown}
 o - 2 potions of haste {unknown}
 s - 2 potions of berserk rage {unknown}
Comestibles
 b - 6 rations
 h - 8 chunks of flesh


   Skills:
 + Level 3.3 Fighting
 - Level 3.0 Dodging
 - Level 1.0 Stealth
 + Level 1.0 Shields
 * Level 4.9 Unarmed Combat


You had 3 spell levels left.
You knew the following spells:

 Your Spells              Type           Power        Failure   Level  Hunger
b - Confusing Touch       Hex            #.....       100%        1    ##.....

Your spell library contained the following spells:

 Spells                   Type           Power        Failure   Level  Hunger
 Confuse                  Hex            #.......     100%        3    ####...
 Metabolic Englaciation   Hex/Ice        #.........   100%        5    ######.
 Petrify                  Tmut/Erth      #.......     100%        4    #####..
 Gell's Gravitas          Tloc           #.........   100%        3    ####...
 Yara's Violent Unravell  Hex/Tmut       #.........   100%        5    ######.


Dungeon Overview and Level Annotations

Branches:
Dungeon (3/15)

Altars:
Nemelex Xobeh

Annotations:
D:3 Robin


Innate Abilities, Weirdness & Mutations

You are too large for most types of armour.
You have claws for hands.
Your metabolism is lightning-fast.
You like to eat raw meat.
Your natural rate of healing is unusually fast.
You are covered in fur. (AC +1)
You have very tough skin. (AC +2)


Message History

The goblin hits you but does no damage. You block the hobgoblin's attack.
The goblin hits you but does no damage.
Okay, then.
As you read the scroll labeled NYAFOA LUMAX, it crumbles to dust.
You feel aware of your surroundings.
You sensed 1 altar.
It was a scroll of magic mapping.
The hobgoblin hits you but does no damage.
Robin barely misses you. The goblin hits you.
* * * LOW HITPOINT WARNING * * *
The goblin barely misses you. You block the goblin's attack.
You block the hobgoblin's attack.
As you read the scroll labeled ICRUBBAYJI, it crumbles to dust.
It is a scroll of amnesia.
Okay, then.
You block the hobgoblin's attack. The hobgoblin hits you with a club.
* * * LOW HITPOINT WARNING * * *
The hobgoblin hits you but does no damage.
You block Robin's attack. The goblin hits you but does no damage.
You block the goblin's attack. The goblin hits you.
You die...

*,,#####...#..≈≈##
##+##..(().)..≈≈≈#
#...#..#...#..≈≈≈##
#...#..#########≈≈.
#...#..........#≈≈(
#...#.....÷....'...
#..g#.....)....'...
#ggg#......)...'...
#g@g#..........#≈≈#
#gg##..#########≈≈#
#......#...#..≈≈≈##
#......'...)..≈≈≈#
#......#...#..≈≈##
#################


You could see Robin, 4 hobgoblins and 3 goblins.

Vanquished Creatures
  Natasha (D:3)
  A worker ant (D:3)
  5 adders
  An ooze (D:2)
  2 worms (D:2)
  3 dart slugs
  An orc (D:1)
  6 giant cockroaches
  17 goblins
  11 hobgoblins
  4 jackals (D:3)
  9 kobolds
  A quokka (D:3)
  A ball python (D:1)
  7 bats
  4 frilled lizards
  7 rats
81 creatures vanquished.

Notes
Turn   | Place    | Note
-------+----------+-------------------------------------------
     0 | D:1      | sking99 the Troll Monk began the quest for the Orb.
     0 | D:1      | Reached XP level 1. HP: 22/22 MP: 0/0
    66 | D:1      | Reached XP level 2. HP: 27/29 MP: 1/1
   475 | D:2      | Reached XP level 3. HP: 29/36 MP: 2/2
   496 | D:2      | Learned a level 1 spell: Confusing Touch
   534 | D:2      | Reached skill level 4 in Unarmed Combat
   640 | D:2      | Reached XP level 4. HP: 44/44 MP: 3/3
  1217 | D:3      | Reached XP level 5. HP: 49/53 MP: 4/4
  1252 | D:3      | Found a sparkling altar of Nemelex Xobeh.
  1289 | D:3      | Noticed Natasha
  1304 | D:3      | Killed Natasha
  1437 | D:3      | Noticed Robin
  1440 | D:3      | Reached skill level 1 in Shields
  1451 | D:3      | HP: 1/53 [hobgoblin/club[Robin] (5)]
  1451 | D:3      | Slain by a goblin

Vault maps used:
D:1:      minmay_arrival_four_circles
D:3:      kennysheep_goblin_castle, lemuel_crystal_altar,
          nemelex_xobeh_ov_fountains_minmay, first_ration, uniq_natasha,
          uniq_robin

Skill      XL: |  1  2  3  4  5 |
---------------+----------------+-----
Unarmed Combat | 4 |  4.9
Fighting       | 3 |  3.3
Dodging        | 3 |  3.0
Shields        | 1 |  1.0
Stealth        | |  1.0

Action                   |  1- 3 |  4- 6 || total
-------------------------+-------+-------++-------
Melee: Unarmed           |    98 |   113 ||   211
       Punch             |     1 |     2 ||     3
  Use: Scroll            |       |     2 ||     2
 Stab: Sleeping          |       |     1 ||     1
       Confused          |       |     1 ||     1
  Eat: Chunk             |    11 |     8 ||    19
Armor: Robe              |    36 |    80 ||   116
Dodge: Dodged            |    52 |    80 ||   132
Block: Large shield      |       |    58 ||    58

Table legend:
 A = Spawn XP
 B = Non-spawn XP
 C = Spawn XP percentage of total XP
 D = Spawn monster count
 E = Non-spawn monster count
 F = Spawn count percentage of total count
 G = Total turns spent on level
                    A         B        C        D         E        F      G
               +---------+---------+-------+---------+---------+-------+---------
         Total |       0 |     278 |   0.0 |       0 |      81 |   0.0 |  1451
               +---------+---------+-------+---------+---------+-------+---------
           D:1 |       0 |      57 |   0.0 |       0 |      26 |   0.0 |   560
           D:2 |       0 |      84 |   0.0 |       0 |      30 |   0.0 |   600
           D:3 |       0 |     137 |   0.0 |       0 |      25 |   0.0 |   291
               +---------+---------+-------+---------+---------+-------+---------
